 Dungeon Crawl Stone Soup version 0.22-a0-32-ga749362bc3 (webtiles) character file.

11 Manul the Ducker (level 2, -20/16 HPs)
             Began as a Spriggan Abyssal Knight on Jan 3, 2018.
             Was a Follower of Lugonu.
             Demolished by a white very ugly thing (30 damage)
             ... on level 1 of the Abyss.
             The game lasted 00:00:57 (242 turns).

Manul the Ducker (Spriggan Abyssal Knight)           Turns: 242, Time: 00:00:57

Health: -20/16     AC:  2    Str:  8    XL:     2   Next: 13%
Magic:  0/4        EV: 19    Int: 13    God:    Lugonu [*.....]
Gold:   8          SH:  0    Dex: 15    Spells: 1/1 levels left

rFire    . . .     SeeInvis +   a - +1 short sword
rCold    . . .     Gourm    .   (shield restricted)
rNeg     . . .     Faith    .   b - +0 robe
rPois    .         Spirit   .   (helmet restricted)
rElec    .         Reflect  .   (no cloak)
rCorr    .         Harm     .   (gloves unavailable)
MR       .....                  (boots unavailable)
Stlth    +.........             (no amulet)
HPRegen  0.05/turn              (no ring)
MPRegen  0.09/turn              (no ring)

@: very quick
A: very small, unfitting armour, see invisible, herbivore, speed 3, slow
metabolism 2
a: Depart the Abyss, Renounce Religion


You were on level 1 of the Abyss.
You worshipped Lugonu.
Lugonu was aware of your devotion.
You were not hungry.

You visited 0 branches of the dungeon, and saw 0 of its levels.
You visited the Abyss 1 time.

You collected 8 gold pieces.

Inventory:

Hand Weapons
 a - a +1 short sword (weapon)
Armour
 b - a +0 robe (worn)
Scrolls
 e - a scroll of remove curse {unknown}
Comestibles
 c - a ration


   Skills:
 + Level 2.9 Fighting
 - Level 2.1 Short Blades
 + Level 3.7 Dodging
 - Level 1.7 Invocations


You had one spell level left.
You didn't know any spells.

Dungeon Overview and Level Annotations

Branches:
Dungeon (0/15)

Altars:


Innate Abilities, Weirdness & Mutations

You are very small and have problems with some larger weapons.
You are too small for most types of armour.
You have supernaturally acute eyesight. (SInv)
You are a herbivore.
You cover ground extremely quickly.
You need consume almost no food.


Message History

The eye of draining gazes at you.
You feel your power leaking away.
A white very ugly thing comes into view.
The white very ugly thing gurgles horribly!
You hit the eye of draining.
The eye of draining is moderately wounded.
You hit the eye of draining but do no damage.
The eye of draining is moderately wounded.
The eye of draining gazes at you.
You hit the eye of draining but do no damage.
The eye of draining is moderately wounded.
You hit the eye of draining but do no damage.
The eye of draining is moderately wounded.
You hit the eye of draining but do no damage.
The eye of draining is moderately wounded.
You hit the eye of draining.
The eye of draining is moderately wounded.
The white very ugly thing claws you. The white very ugly thing freezes you!!
Ouch! That really hurt!
You die...

. #..#..#.#.
#ยง .. ..
#...#.#2#
#...# .
.#....#
..#......####
# #... .. #
## #.. #. #.#
..# #.
#.####$## #.#
#.# #
#..3##..#.#
.. #
#.#G@....# .
##....u....#
###$.######
##. ...##
#.##. #. .#
.. ## ##


You could see a white very ugly thing, an eye of draining and a smoke demon.

Vanquished Creatures
  2 ufetubi (Abyss:1)
2 creatures vanquished.

Notes
Turn   | Place    | Note
-------+----------+-------------------------------------------
     0 | Abyss:1  | Manul the Spriggan Abyssal Knight began the quest for the Orb.
     0 | Abyss:1  | Reached XP level 1. HP: 11/11 MP: 3/3
    87 | Abyss:1  | Noticed a small abomination
    98 | Abyss:1  | Noticed an orange demon
   107 | Abyss:1  | Noticed a neqoxec
   108 | Abyss:1  | Noticed a large abomination
   177 | Abyss:1  | Reached XP level 2. HP: 12/16 MP: 4/4
   198 | Abyss:1  | Noticed a smoke demon
   216 | Abyss:1  | Noticed a hellion
   220 | Abyss:1  | Noticed an eye of draining
   237 | Abyss:1  | Noticed a white very ugly thing
   242 | Abyss:1  | Demolished by a white very ugly thing

Vault maps used:

Action                   || total
-------------------------++-------
Melee: Short sword       ||    22
  Use: Scroll            ||     1
Armor: Robe              ||     1
Dodge: Dodged            ||     6

Table legend:
 A = Spawn XP
 B = Non-spawn XP
 C = Spawn XP percentage of total XP
 D = Spawn monster count
 E = Non-spawn monster count
 F = Spawn count percentage of total count
 G = Total turns spent on level
                    A         B        C        D         E        F      G
               +---------+---------+-------+---------+---------+-------+---------
         Total |       8 |       8 |  50.0 |       1 |       1 |  50.0 |   242
               +---------+---------+-------+---------+---------+-------+---------
       Abyss:1 |       8 |       8 |  50.0 |       1 |       1 |  50.0 |   242
               +---------+---------+-------+---------+---------+-------+---------
